 Dungeon Crawl Stone Soup version 0.23-a0-650-ga4d50d4 (webtiles) character file.

45 Firecrotchwizard the Caller (level 3, 0/24 HPs)
             Began as a Merfolk Summoner on Jan 7, 2019.
             Succumbed to an adder's poison
             ... on level 2 of the Dungeon.
             The game lasted 00:05:58 (2208 turns).

Firecrotchwizard the Caller (Merfolk Summoner)      Turns: 2208, Time: 00:05:59

Health: 0/24       AC:  2    Str:  8    XL:     3   Next: 64%
Magic:  0/6        EV: 13    Int: 15    God:
Gold:   81         SH:  0    Dex: 14    Spells: 1/7 levels left

rFire    + . .     SeeInvis .   d - +0 club
rCold    . . .     Gourm    .   (no shield)
rNeg     . . .     Faith    .   a - +0 robe
rPois    .         Spirit   .   (no helmet)
rElec    .         Reflect  .   (no cloak)
rCorr    .         Harm     .   (no gloves)
MR       .....                  (no boots)
Stlth    ++........             (no amulet)
HPRegen  0.08/turn              p - ring of protection from fire {rF+, !d}
MPRegen  0.10/turn              (no ring)

@: lethally poisoned (0 -> -8), very slightly contaminated
A: change form in water, swift swim, stealthy swim
a: no special abilities


You were on level 2 of the Dungeon.
You were not hungry.

You visited 1 branch of the dungeon, and saw 2 of its levels.

You collected 81 gold pieces.

Inventory:

Hand Weapons
 d - a +0 club (weapon)
   (You took it off a kobold on level 1 of the Dungeon)
 q - a +2 mace of draining
   (You found it on level 2 of the Dungeon)
Missiles
 i - 6 tomahawks of dispersal {=f}
Armour
 a - a +0 robe (worn)
Jewellery
 p - a ring of protection from fire (left hand) {rF+, !d}
   (You found it on level 2 of the Dungeon)
Scrolls
 b - 2 scrolls of identify {unknown}
 h - a scroll of noise {unknown}
 j - a scroll of fear {unknown}
 k - a scroll of teleportation {unknown}
 m - a scroll of amnesia {unknown}
Potions
 e - a potion of degeneration {unknown}
 f - 2 potions of flight {unknown}
 g - a potion of heal wounds
 n - a potion of magic {unknown}
 o - a potion of haste {unknown}
Comestibles
 c - 3 rations


   Skills:
 - Level 3.0 Dodging
 + Level 3.1 Stealth
 + Level 2.5 Spellcasting
 * Level 4.4 Summonings


You had one spell level left.
You knew the following spells:

 Your Spells              Type           Power        Failure   Level  Hunger
a - Summon Small Mammal   Summ           ###.         3%          1    #......
b - Call Canine Familiar  Summ           ###.....     10%         3    ###....
c - Call Imp              Summ           ###.....     4%          2    ###....

Your spell library contained the following spells:

 Spells                   Type           Power        Failure   Level  Hunger
 Summon Guardian Golem    Hex/Summ       #.......     26%         3    ###....
 Summon Ice Beast         Ice/Summ       #.......     63%         4    #####..
 Summon Lightning Spire   Summ/Air       #.......     63%         4    #####..


Dungeon Overview and Level Annotations

Branches:
Dungeon (2/15)

Altars:
Makhleb


Message History

Your quokka's corpse disappears in a puff of smoke!
Your crimson imp hits the worm.
Your crimson imp hits the worm.
The worm closely misses your crimson imp.
You catch the helpless worm completely off-guard!
You hit the worm.
Your crimson imp hits the worm.
You hit the worm.
You kill the worm!
You swap places.
You see here a worm corpse.
You butcher the worm corpse.
l - a chunk of flesh {@w0} You start resting.
Eating a chunk of flesh {@w0}.
You eat the chunk of flesh {@w0}.
Your magical contamination has completely faded away.
You start resting.
Your crimson imp disappears in a puff of smoke!
Health restored: 24; MP restored: 6
Found a stone staircase leading up.
You now have 64 gold pieces (gained 8).
You now have 72 gold pieces (gained 8).
You now have 81 gold pieces (gained 9).
You open the door.
The adder hisses angrily.
The adder is too close now for your liking.
You miscast Call Imp.
You are very lightly contaminated with residual magic.
Nothing appears to happen.
You now have 4/6 mp.
A beastly little devil appears in a puff of flame.
You now have 2/6 mp.
You miscast Call Imp.
Nothing appears to happen.
You now have 0/6 mp.
Your crimson imp hits the adder.
The adder closely misses your crimson imp.
The adder bites you.
Your crimson imp barely misses the adder.
You take 2 damage, and have 22/24 hp.
You hit the adder. The adder barely misses you.
Your crimson imp blinks!
The adder completely misses you.
You hit the adder. The adder bites you.
You are poisoned.
The adder poisons you!
You take 2 damage, and have 20/24 hp.
You miss the adder.
You feel sick. The adder bites you but does no damage.
The adder completely misses you.
You take 1 damage, and have 19/24 hp.
You closely miss the adder.
You feel sick. The adder barely misses you. x2
You take 1 damage, and have 18/24 hp.
You closely miss the adder. The adder bites you but does no damage.
You closely miss the adder.
You feel sick. The adder bites you but does no damage.
Your crimson imp blinks!
The adder completely misses you.
You take 1 damage, and have 17/24 hp.
You closely miss the adder. The adder bites you.
You are more poisoned.
The adder poisons you! The adder bites you.
You are lethally poisoned!
The adder poisons you!
You take 4 damage, and have 13/24 hp.
You miscast Summon Small Mammal.
The world appears momentarily distorted.
You feel sick. The adder completely misses you.
You take 1 damage, and have 12/24 hp.
You now have 0/6 mp.
You miss the adder.
You feel sick. The adder closely misses you. The adder barely misses you.
You take 1 damage, and have 11/24 hp.
You hit the adder.
You feel sick. The adder bites you.
You are more poisoned.
The adder poisons you!
Your crimson imp barely misses the adder.
You take 3 damage, and have 8/24 hp.
You miss the adder.
* * * LOW HITPOINT WARNING * * *
You feel sick. The adder bites you.
* * * LOW HITPOINT WARNING * * *
Your crimson imp barely misses the adder.
The adder barely misses you.
Your crimson imp closely misses the adder.
You take 3 damage, and have 5/24 hp.
You miss the adder.
* * * LOW HITPOINT WARNING * * *
You feel sick. The adder barely misses you.
Your crimson imp blinks!
The adder closely misses you.
Unknown command.
You hit the adder but do no damage.
* * * LOW HITPOINT WARNING * * *
You feel sick. The adder barely misses you. The adder bites you.
* * * LOW HITPOINT WARNING * * *
You take 3 damage, and have 2/24 hp.
* * * LOW HITPOINT WARNING * * *
You feel sick.
Your crimson imp blinks!
The adder barely misses you.
You take 1 damage, and have 1/24 hp.
You now have 0/6 mp.
You die...

.# .# .## # ..###+++### #.
........... ..
#########r##.... ..###. #
#....5..S....# #....
#............# #...
#.......@....# #..# #+#
#............# #..# #.#
#............#####..###.#
#............#......+.._#
#.........ยง..#......###.#
#............+......# #.#
#............#......###'#
#........................
#........................


You could see an adder, a friendly crimson imp and a friendly rat.

Vanquished Creatures
  A worm (D:2)
  A dart slug (D:1)
  A leopard gecko (D:2)
  A giant cockroach (D:2)
  4 goblins
  3 hobgoblins
  3 jackals (D:1)
  2 kobolds
  A bat (D:1)
  3 frilled lizards (D:1)
  A rat (D:1)
21 creatures vanquished.

Vanquished Creatures (collateral kills)
  An adder (D:2)
  An ooze (D:1)
  A leopard gecko (D:2)
  A bat (D:2)
  2 goblins (D:2)
  3 jackals (D:1)
  2 frilled lizards
  2 kobolds (D:1)
  A rat (D:1)
14 creatures vanquished.

Vanquished Creatures (others)
  7 toadstools (D:2)
7 creatures vanquished.

Grand Total: 42 creatures vanquished

Notes
Turn   | Place    | Note
-------+----------+-------------------------------------------
     0 | D:1      | Firecrotchwizard the Merfolk Summoner began the quest for
                  | the Orb.
     0 | D:1      | Reached XP level 1. HP: 13/13 MP: 3/3
   388 | D:1      | Reached skill level 3 in Dodging
   388 | D:1      | Reached XP level 2. HP: 11/19 MP: 3/5
   525 | D:1      | Learned a level 2 spell: Call Imp
   896 | D:1      | You fall through a shaft!
  1316 | D:1      | Reached XP level 3. HP: 24/24 MP: 6/6
  1394 | D:2      | Learned a level 3 spell: Call Canine Familiar
  1608 | D:2      | Reached skill level 3 in Stealth
  1634 | D:2      | Found a burning altar of Makhleb.
  2204 | D:2      | HP: 6/24 [poisoned by an adder]
  2206 | D:2      | HP: 2/24 [adder (2)]
  2208 | D:2      | Succumbed to an adder's poison

Vault maps used:
D:1:      psy_arrival_terrarium, serial_park_tiny_1
D:2:      cheibrodos_fertilizer, lemuel_doored_altar

Skill      XL: |  1  2  3 |
---------------+----------+-----
Dodging        | 3 |  3.0
Stealth        | 3 |  3.1
Spellcasting   | |  2.5
Summonings     | |  4.4

Action                   || total
-------------------------++-------
Melee: Unarmed           ||    19
       Club              ||   105
 Cast: Summon Small Mamm ||    14
       Call Imp          ||     8
       Call Canine Famil ||     1
 Stab: Sleeping          ||     4
       Distracted        ||     1
  Eat: Chunk             ||     5
Armor: Robe              ||    24
Dodge: Dodged            ||   120

Table legend:
 A = Non-vault XP
 B = Vault XP
 C = Vault XP percentage of total XP
 D = Non-vault monster count
 E = Vault monster count
 F = Vault count percentage of total count
                 A         B        C        D         E       F
            +---------+---------+-------+---------+---------+-------
      Total |      65 |       0 |   0.0 |      35 |       0 |   0.0
            +---------+---------+-------+---------+---------+-------
        D:1 |      34 |       0 |   0.0 |      22 |       0 |   0.0
        D:2 |      31 |       0 |   0.0 |      13 |       0 |   0.0
            +---------+---------+-------+---------+---------+-------

Vault maps used:
D:1:      psy_arrival_terrarium, serial_park_tiny_1
D:2:      cheibrodos_fertilizer, lemuel_doored_altar

Table legend:
 A = Turns spent in this place as a percentage of turns spent in the entire game.
 B = Non-inter-level travel turns spent in this place as a percentage of non-inter-level travel turns spent in the entire game.
 C = Inter-level travel turns spent in this place as a percentage of turns spent in this place.
 D = Turns resting spent in this place as a percentage of non-inter-level travel turns spent in this place.
 E = Turns spent auto-exploring this place as a percentage of non-inter-level travel turns spent in this place.
 F = Non-inter-level travel turns spent in this place divided by the number of levels of this place that you've seen.
                   A       B       C       D       E      F
               +-------+-------+-------+-------+-------+----------------------
         Total | 100.0 | 100.0 |   1.0 |  56.5 |  25.7 | 1093.5
       Dungeon | 100.0 | 100.0 |   1.0 |  56.5 |  25.7 | 1093.5
               +-------+-------+-------+-------+-------+----------------------

Table legend:
 A = Kills in this place as a percentage of kills in entire the game.
 B = Kills by you in this place as a percentage of kills by you in the entire game.
 C = Kills by friends in this place as a percentage of kills by friends in the entire game.
 D = Other kills in this place as a percentage of other kills in the entire game.
 E = Experience gained in this place as a percentage of experience gained in the entire game.
 F = Experience gained in this place divided by the number of levels of this place that you have seen.
                   A       B       C       D       E      F
               +-------+-------+-------+-------+-------+----------------------
         Total | 100.0 | 100.0 | 100.0 |   N/A | 100.0 |  32.5
       Dungeon | 100.0 | 100.0 | 100.0 |   N/A | 100.0 |  32.5
               +-------+-------+-------+-------+-------+----------------------
